 Dungeon Crawl Stone Soup version 0.28-a0-1032-ga8db75c868 (webtiles) character file.

Game seed: 1508224341299132302

89 GregHouse the Chopper (level 4, -1/40 (41) HPs)
             Began as a Hill Orc Monk on Dec 7, 2021.
             Succumbed to an orc's poison
             ... on level 3 of the Dungeon.
             The game lasted 00:06:42 (3958 turns).

GregHouse the Chopper (Hill Orc Monk)               Turns: 3958, Time: 00:06:42

HP:   -1/40 (41)    AC:  5    Str: 15    XL:     4   Next: 55%
MP:   2/4           EV: 12    Int: 10    God:
Gold: 148           SH:  0    Dex: 13    Spells: 3/3 levels left

rFire   . . .      SeeInvis .   a - +0 hand axe
rCold   . . .      Faith    .   (no shield)
rNeg    . . .      Spirit   +   b - +0 robe
rPois   .          Reflect  .   j - +2 helmet
rElec   .          Harm     .   (no cloak)
rCorr   .          Rampage  .   (no gloves)
Will    .....                   (no boots)
Stlth   ++........              h - amulet of guardian spirit
HPRegen 0.13/turn               (no ring)
MPRegen 0.09/turn               (no ring)

@: lethally poisoned (-1 -> -15), hasted, lightly drained, very quick
A: no striking features
a: no special abilities


You were on level 3 of the Dungeon.
You visited 1 branch of the dungeon, and saw 4 of its levels.

You collected 148 gold pieces.

Inventory:

Hand Weapons
 a - a +0 hand axe (weapon)
Armour
 b - a +0 robe (worn)
 j - a +2 helmet (worn)
Jewellery
 h - an amulet of guardian spirit (around neck)
 l - an amulet of reflection
 m - a ring of magical power
Scrolls
 f - a scroll of identify {unknown}
 i - a scroll of fear
 k - 2 scrolls of magic mapping {unknown}
Potions
 c - a potion of lignification {unknown}
 d - a potion of haste
 e - a potion of curing {unknown}
 g - a potion of berserk rage {unknown}


   Skills:
 + Level 4.5 Fighting
 + Level 5.5 Axes
 + Level 2.9 Dodging
 + Level 1.7 Stealth


You had 3 spell levels left.
You didn't know any spells.
Your spell library was empty.

Dungeon Overview and Level Annotations

Branches:
Dungeon (4/15)
 Temple: D:4-7

Altars:
Nemelex Xobeh


Message History

Something hits you.
You hit the orc.
The orc is moderately wounded.
You barely miss something. You closely miss the orc. The orc barely misses you.
The orc hits you with a +0 mace. Something hits you. The orc barely misses you.
You hit the orc.
The orc is almost dead.
You hit the orc. You hit something but do no damage.
Something hits you but does no damage. The orc barely misses you.
The orc closely misses you.
You hit the orc.
You kill the orc!
You hit something. You hit the orc but do no damage.
Something hits you but does no damage. The orc closely misses you.
The orc hits you from afar with a +1 trident of venom.
You are poisoned.
You miss something. You barely miss the orc.
You feel very sick. Something hits you. The orc hits you with a +0 mace.
The orc barely misses you.
You miss something. You closely miss the orc.
You feel sick. The orc hits you with a +0 mace.
Something hits you but does no damage. The orc hits you but does no damage.
You are more poisoned.
You hit something. You hit the orc.
You feel very sick. The orc hits you but does no damage.
Something hits you but does no damage.
The orc hits you from afar with a +1 trident of venom.
* * * LOW HITPOINT WARNING * * *
You are lethally poisoned!
* * * LOW HITPOINT WARNING * * *
You feel very sick. Something hits you but does no damage.
You see here a +2 short sword of draining.
As you read the scroll labelled REREFOONOD, it crumbles to dust.
You assume a fearsome visage.
The orc looks frightened! x2
The endoplasm looks frightened!
It was a scroll of fear.
* * * LOW HITPOINT WARNING * * *
You feel very sick.
It was a potion of haste.
You feel yourself speed up.
You die...

#...# .♣.....♣.
#...# .......
#...#### ..♣.♣..
###.#.. .....##
#.#.# ###...#.##
#.#.###...o....#
#.......J).o..#
###.#####...#
#.######@.#
#.........#
###########


You could see 2 orcs and an endoplasm (fleeing).

Vanquished Creatures
  3 adders (D:2)
  A worm (D:2)
  A dart slug (D:2)
  An orc (D:3)
  6 endoplasms
  A giant cockroach (D:2)
  6 hobgoblins
  5 quokkas
  7 ball pythons
  3 bats
  5 frilled lizards
  3 goblins
  9 kobolds
  3 rats (D:1)
54 creatures vanquished.

Vanquished Creatures (others)
  2 plants (D:1)
2 creatures vanquished.

Grand Total: 56 creatures vanquished

Notes
Turn   | Place    | Note
-------+----------+-------------------------------------------
     0 | D:1      | GregHouse the Hill Orc Monk began the quest for the Orb.
     0 | D:1      | Reached XP level 1. HP: 19/19 MP: 1/1
    83 | D:1      | Found a faded altar of an unknown god.
   308 | D:1      | Reached XP level 2. HP: 14/27 MP: 2/2
  1351 | D:1      | Reached XP level 3. HP: 17/33 MP: 3/3
  2153 | D:2      | Reached skill level 5 in Axes
  2182 | D:2      | Reached XP level 4. HP: 14/41 MP: 4/4
  3657 | D:2      | Found a sparkling altar of Nemelex Xobeh.
  3957 | D:3      | HP: 2/40 [poisoned by an orc]
  3958 | D:3      | Succumbed to an orc's poison

Illustrated notes

Levels and vault maps discovered:
D:1:      onia_arrival_mini_maze_b, layout_basic,
          shapermc_ecumenical_altar_mp_ritualfount, minmay_hexomino_u4
D:2:      minmay_spotlight, layout_basic, basic_altar
D:3:      layout_loops_corners, mainiacjoe_overflow_paths,
          mainiacjoe_overflow_surrounded_room, serial_shops, shop,
          grunt_ministairs_9, kennysheep_potato
D:4:      layout_cave_pools, minmay_temple_entry_waves, minivault_11,
          grunt_ministairs_1

Skill      XL: |  1  2  3 |
---------------+----------+-----
Fighting       | 4 |  4.5
Axes           | 5 |  5.5
Dodging        | |  2.9
Stealth        | |  1.7

Action                   |  1- 3 |  4- 6 || total
-------------------------+-------+-------++-------
Melee: Hand axe          |   114 |    65 ||   179
  Use: Scroll            |       |     1 ||     1
       Potion            |       |     1 ||     1
 Stab: Sleeping          |       |     1 ||     1
Armor: Robe              |    26 |    23 ||    49
Dodge: Dodged            |    69 |    35 ||   104

Table legend: (Time is in decaauts)
 A = Elapsed time spent in this place.
 B = Non-inter-level travel time spent in this place.
 C = Inter-level travel time spent in this place.
 D = Time resting spent in this place.
 E = Time spent auto-exploring this place.
 F = Levels seen in this place.
 G = Mean time per level.
                   A        B        C        D        E       F      G
               +--------+--------+--------+--------+--------+-----+--------+
         Total |   3972 |   3889 |     83 |   1833 |   1338 |   4 |  993.0 |
       Dungeon |   3972 |   3889 |     83 |   1833 |   1338 |   4 |  993.0 |
               +--------+--------+--------+--------+--------+-----+--------+

Top non-repeatable levels by time:
     D:1: 1944 daAuts
     D:2: 1919 daAuts
     D:3: 106 daAuts
     D:4: 1 daAuts
